 Dungeon Crawl Stone Soup version 0.31-a0-233-g139696dc86 (webtiles) character file.

Game seed: 12960107430097590383

102 qw the Shooter (level 4, 0/37 HPs)
             Began as a Minotaur Hexslinger on July 8, 2023.
             Slain by an orc
             ... wielding a +0 hand axe
              (1 damage)
             ... on level 4 of the Dungeon.
             The game lasted 00:00:47 (2520 turns).

qw the Shooter (Minotaur Hexslinger)                Turns: 2520, Time: 00:00:48

Health: 0/37       AC:  7    Str: 13    XL:     4   Next: 49%
Magic:  4/4        EV: 11    Int: 10    God:
Gold:   137        SH:  0    Dex: 20    Spells: 4/5 levels left

rFire   . . .        Y - +1 sling
rCold   . . .        (no shield)
rNeg    . . .        j - +0 ring mail
rPois   .            e - +1 hat
rElec   .            (no cloak)
rCorr   .            k - +0 pair of gloves
SInv    .            (no boots)
Will    .....        (no amulet)
Stlth   +            i - +6 ring of dexterity
HPRegen 0.26/turn    (no ring)
MPRegen 0.09/turn

%: no passive effects
@: no status effects
A: horns 2, retaliatory headbutt
a: no special abilities


You were on level 4 of the Dungeon.
You visited 1 branch of the dungeon, and saw 4 of its levels.

You collected 137 gold pieces.


Innate Abilities, Weirdness & Mutations

You have a pair of horns on your head.
You reflexively headbutt those who attack you in melee.


   Skills:
 - Level 2.4 Fighting
 + Level 4.6 Ranged Weapons
 - Level 1.2 Armour
 - Level 2.1 Dodging
 - Level 1.0 Spellcasting
 - Level 2.0 Hexes


You had 4 spell levels left.
You knew the following spells:

 Your Spells              Type           Power      Damage    Failure   Level
a - Slow                  Hex            16%        N/A       32%         1

Your spell library contained the following spells:

 Spells                   Type           Power      Damage    Failure   Level
 Inner Flame              Hex/Fire       2%         N/A       82%         3
 Portal Projectile        Hex/Tloc       4%         N/A       82%         3
 Cause Fear               Hex            2%         N/A       97%         4

Inventory:

Hand Weapons
 Y - a +1 sling (weapon)
Armour
 e - a +1 hat (worn)
 j - a +0 ring mail (worn)
 k - a +0 pair of gloves (worn)
Jewellery
 i - a +6 ring of dexterity (left hand)
Scrolls
 a - a scroll of identify
 b - a scroll of enchant armour {unknown}
Potions
 d - a potion of enlightenment {unknown}
 f - a potion of degeneration {unknown}
 h - a potion of cancellation {unknown}

Dungeon Overview and Level Annotations

Branches:
Dungeon (4/15)
 Temple: D:4-7

Altars:
Hepliaklqana
Uskayaw
Xom


Message History

The hobgoblin shouts!
The sling bullet hits the hobgoblin.
The hobgoblin is heavily wounded.
The orc hits you with a +0 war axe! The adder bites you.
You shoot a sling bullet. The sling bullet misses the adder.
The adder bites you but does no damage. The orc hits you but does no damage.
The adder barely misses you. You furiously retaliate!
You headbutt the adder. You shoot a sling bullet.
The sling bullet closely misses the adder.
The adder bites you but does no damage. The orc hits you but does no damage.
You shoot a sling bullet. The sling bullet hits the adder.
The adder is heavily wounded.
The adder barely misses you. x2; The orc hits you with a +0 war axe.
You shoot a sling bullet. The sling bullet hits the adder!
You kill the adder!
The orc hits you with a +0 war axe! The orc hits you but does no damage.
The orc wizard mumbles some strange words.
The orc wizard flickers and vanishes!
Deactivating autopickup; reactivate with Ctrl-A.
You shoot a sling bullet. The sling bullet hits the hobgoblin.
The hobgoblin is almost dead.
The orc closely misses you. The hobgoblin barely misses you. x2
You shoot a sling bullet. The sling bullet hits the hobgoblin.
You kill the hobgoblin!
The orc misses you. The orc closely misses you.
You shoot a sling bullet. The sling bullet hits the orc.
The orc is heavily wounded.
The orc hits you but does no damage. The orc barely misses you.
The orc hits you with a +0 flail.
You shoot a sling bullet.
The sling bullet hits the orc but does no damage.
The orc is heavily wounded.
The orc hits you with a +0 hand axe. The orc hits you with a +0 war axe.
The orc hits you but does no damage.
You shoot a sling bullet. The sling bullet hits the orc.
The orc is heavily wounded.
The orc hits you with a +0 hand axe. The orc hits you but does no damage.
The orc hits you with a +0 flail. The orc closely misses you.
The orc hits you with a +0 hand axe.
You die...

###.... # .(... .# .....
..# ...##..# .......#
#.######o..#.###
#......#.o......
########.#@o......
...........o......
########.#...###.#
###########.#...#
............#...# #
#########...#...###..#.#
#..(##..###.#...<.......
.#.#(##...#.#...########
..#(((#._.'.#...#####


You could see 4 orcs.

Vanquished Creatures
  Robin (D:2)
  3 adders
  A worm (D:3)
  A dart slug (D:2)
  An orc (D:3)
  4 bats
  6 endoplasms
  7 goblins
  4 hobgoblins
  6 jackals (D:1)
  3 quokkas
  8 ball pythons
  3 kobolds
  3 rats
51 creatures vanquished.

Notes
Turn   | Place    | Note
-------+----------+-------------------------------------------
     0 | D:1      | qw the Minotaur Hexslinger began the quest for the Orb.
     0 | D:1      | Reached XP level 1. HP: 16/16 MP: 1/1
     0 | D:1      | 0 ||| qw: Version: 0.3-a-46-gb1f654a
     0 | D:1      | 0 ||| qw: Game counter: 3459
     0 | D:1      | 0 ||| qw: Melee chars always use a shield: true
     0 | D:1      | 0 ||| qw: God list: Okawaru
     0 | D:1      | 0 ||| qw: Allow faded altars: false
     0 | D:1      | 0 ||| qw: Do Orc after clearing Dungeon:15 true
     0 | D:1      | 0 ||| qw: Do second Lair branch before Depths: true
     0 | D:1      | 0 ||| qw: Lair rune preference: random
     0 | D:1      | 0 ||| qw: Goals: Normal
     0 | D:1      | 0 ||| PLANNING D:1-11
    47 | D:1      | You fall into a shaft and drop 1 floor!
   254 | D:2      | Reached skill level 3 in Ranged Weapons
   258 | D:2      | Reached XP level 2. HP: 23/23 MP: 2/2
   264 | D:2      | Noticed Robin
   271 | D:2      | Killed Robin
   396 | D:2      | 396 ||| UPGRADING to +1 hat.
   401 | D:2      | 401 ||| READING scroll labelled HOIHENKY LIETH.
   402 | D:2      | 402 ||| DROPPING scroll of poison.
   412 | D:1      | Reached XP level 3. HP: 30/30 MP: 3/3
  1147 | D:1      | 1147 ||| UPGRADING to +0 pair of gloves.
  1152 | D:1      | 1152 ||| READING 2 scrolls labelled KEKHLY WYIF.
  1153 | D:1      | 1153 ||| READING scroll labelled XUTWEHUR VODA.
  1154 | D:1      | 1154 ||| READING scroll labelled JOECIO AJUOL.
  1255 | D:1      | 1255 ||| READING scroll labelled XADIEN HIOTAPT.
  1258 | D:1      | 1258 ||| DRINKING 2 amethyst potions.
  1259 | D:1      | 1259 ||| DROPPING potion of attraction.
  1306 | D:2      | Reached skill level 4 in Ranged Weapons
  1779 | D:2      | 1779 ||| UPGRADING to +0 ring mail.
  1789 | D:2      | 1789 ||| DROPPING +0 robe.
  1790 | D:2      | 1790 ||| UPGRADING to +6 ring of dexterity.
  1791 | D:2      | 1791 ||| READING scroll labelled LOEKUX WAY.
  1840 | D:3      | Found a faded altar of an unknown god.
  1848 | D:3      | Reached XP level 4. HP: 37/37 MP: 4/4
  1927 | D:3      | Reached skill level 1 in Armour
  2010 | D:3      | Found a shimmering altar of Xom.
  2139 | D:3      | Found a hazy altar of Hepliaklqana.
  2435 | D:3      | 2435 ||| READING 3 scrolls of identify.
  2435 | D:3      | 2435 ||| IDENTIFYING clear potion
  2436 | D:3      | 2436 ||| READING 2 scrolls of identify.
  2436 | D:3      | 2436 ||| IDENTIFYING green potion
  2437 | D:3      | 2437 ||| DROPPING potion of lignification.
  2438 | D:3      | 2438 ||| DROPPING potion of invisibility.
  2484 | D:4      | Noticed a +0 spear
  2490 | D:4      | Found a hide-covered altar of Uskayaw.
  2490 | D:4      | Noticed a +0 falchion
  2490 | D:4      | Noticed a +0 spear
  2491 | D:4      | Noticed a +0 short sword
  2492 | D:4      | Noticed a +0 dagger
  2492 | D:4      | Noticed a +0 dagger
  2492 | D:4      | Noticed a +0 short sword
  2494 | D:4      | Noticed a +0 falchion
  2520 | D:4      | HP: 7/37 [orc/+0 hand axe (5)]
  2520 | D:4      | HP: 1/37 [orc/+0 flail (6)]
  2520 | D:4      | Slain by an orc

Levels and vault maps discovered:
D:1:      dpeg_arrival_rooms_b, layout_loops_ring,
          chequers_serial_rivers_small_a, grunt_decor_fettered
D:2:      layout_loops_corners, uniq_robin, uniq_crazy_yiuf_cottage
D:3:      layout_basic, xom_teletrap_fun, mainiacjoe_overflow_paths,
          basic_ecumenical_altar
D:4:      layout_basic, nicolae_dithmenos_through_a_glass_darkly,
          nicolae_uskayaw_en_pointe, serial_corexii_hall,
          chequers_hall_statues_y, corexii_hall_statues_u,
          chequers_hall_statues_wall_a, chequers_hall_statues_corner_a,
          uniq_duvessa

Skill      XL: |  1  2  3  4 |
---------------+-------------+-----
Ranged Weapons | 3 4 |  4.6
Fighting       | 2 |  2.4
Armour         | 1 |  1.2
Dodging        | |  2.1
Spellcasting   | |  1.0
Hexes          | |  2.0

Action                     |  1- 3 |  4- 6 || total
---------------------------+-------+-------++-------
   Fire: Sling             |    97 |    53 ||   150
    Use: Scroll            |     6 |     2 ||     8
         Potion            |     1 |       ||     1
 Armour: Robe              |     9 |       ||     9
         Ring mail         |       |    13 ||    13
  Dodge: Dodged            |    35 |    13 ||    48

Table legend:
 A = Non-vault XP
 B = Vault XP
 C = Vault XP percentage of total XP
 D = Non-vault monster count
 E = Vault monster count
 F = Vault count percentage of total count
                 A         B        C        D         E       F
            +---------+---------+-------+---------+---------+-------
      Total |     119 |      27 |  18.5 |      44 |       7 |  13.7
            +---------+---------+-------+---------+---------+-------
        D:1 |      33 |       0 |   0.0 |      17 |       0 |   0.0
        D:2 |      35 |      27 |  43.5 |      13 |       7 |  35.0
        D:3 |      34 |       0 |   0.0 |      11 |       0 |   0.0
        D:4 |      17 |       0 |   0.0 |       3 |       0 |   0.0
            +---------+---------+-------+---------+---------+-------
